 Dungeon Crawl Stone Soup version 0.19.5 (webtiles) character file.

16026 Firecrotchwizard the Cleaver (level 12, -9/108 HPs)
             Began as a Minotaur Berserker on Apr 26, 2017.
             Was a High Priest of Trog.
             Mangled by a 17-headed hydra (11 damage)
             ... on level 1 of the Lair of Beasts.
             The game lasted 00:27:57 (13535 turns).

Firecrotchwizard the Cleaver (Minotaur Berserker)  Turns: 13535, Time: 00:27:57

Health: -9/108     AC: 18    Str: 23    XL:     12   Next: 6%
Magic:  14/14      EV: 12    Int:  4    God:    Trog [*****.]
Gold:   892        SH:  0    Dex: 17    Spells: 0 memorised, 11 levels left

rFire  . . .     SeeInvis .     y - +0 hand axe (elec)
rCold  . . .     Gourm    .     A - +0 plate armour
rNeg   . . .     Faith    .     (no shield)
rPois  .         Spirit   .     (helmet restricted)
rElec  .         Reflect  .     I - +2 cloak
rCorr  .         Harm     .     (no gloves)
MR     +....                    (no boots)
Stlth  ..........               (no amulet)
                                x - +3 ring of dexterity
                                r - ring of protection from magic {MR+, !d}

@: no status effects
A: retaliatory headbutt, horns 2
a: Berserk, Trog's Hand, Brothers in Arms, Burn Spellbooks, Renounce Religion


You were on level 1 of the Lair of Beasts.
You worshipped Trog.
Trog was extremely pleased with you.
You were not hungry.

You visited 2 branches of the dungeon, and saw 12 of its levels.
You also visited: Ossuary.

You collected 892 gold pieces.

Inventory:

Hand Weapons
 n - a +2 scimitar of holy wrath
   (You took it off an orc warrior on level 11 of the Dungeon)
 u - a +0 war axe
   (You took it off an orc warrior on level 8 of the Dungeon)
 y - a +0 hand axe of electrocution (weapon)
   (You took it off an orc on level 8 of the Dungeon)
Armour
 A - a +0 plate armour (worn)
   (You found it on level 4 of the Dungeon)
 I - a +2 cloak (worn)
   (You found it on level 4 of the Dungeon)
 K - a cursed +0 ring mail
   (You found it on level 11 of the Dungeon)
Jewellery
 r - a ring of protection from magic (left hand) {MR+, !d}
   (You found it on level 2 of the Dungeon)
 v - an uncursed amulet of the gourmand {unknown}
   (You found it on level 1 of the Lair of Beasts)
 x - a +3 ring of dexterity (right hand)
   (You found it on level 3 of the Dungeon)
 N - an uncursed ring of fire {rF+, rC-}
   (You found it on level 9 of the Dungeon)
Wands
 a - a wand of iceblast (0/15)
   (You found it on level 9 of the Dungeon)
 l - a wand of lightning (2/15)
   (You found it on level 3 of the Dungeon)
 o - a wand of paralysis (5/24)
   (You found it on level 5 of the Dungeon)
 H - a wand of lightning (5/15)
   (You found it on level 11 of the Dungeon)
Scrolls
 j - 10 scrolls of teleportation
 m - 4 scrolls of identify
 w - 9 scrolls of remove curse
 C - a scroll of enchant weapon
 D - a scroll of fear
 E - 2 scrolls of magic mapping {!r}
 J - a scroll of blinking {!r}
Potions
 b - 2 potions of flight
 d - 4 potions of lignification {!q}
 e - 6 potions of curing {unknown}
 f - 4 potions of might
 g - a potion of experience {unknown}
 h - a potion of agility {unknown}
 i - 2 potions of invisibility
 k - 2 potions of degeneration {unknown}
 p - a potion of cancellation {unknown}
 q - a potion of heal wounds {unknown}
 s - 4 potions of resistance {unknown}
 t - 4 potions of haste
Miscellaneous
 L - a sack of spiders
Comestibles
 c - 10 bread rations {@e1}
 z - 2 royal jellies
 G - a meat ration {@e2}


   Skills:
 + Level 10.9 Fighting
 * Level 14.7 Axes
 + Level 10.9 Armour
 + Level 8.8 Dodging
 - Level 4.0 Evocations


You had 11 spell levels left.
You didn't know any spells.

Dungeon Overview and Level Annotations

Branches:
Dungeon (11/15)            Temple (0/1) D:4            Lair (1/6) D:10
    Orc (0/2) D:11

Altars:
Ashenzari
Cheibriados
Elyvilon
Sif Muna
Beogh

Annotations:
D:2 Jessica


Innate Abilities, Weirdness & Mutations

You reflexively headbutt those who attack you in melee.
You have a pair of horns on your head.


Message History

The five-headed hydra grows two more!
You slash the seven-headed hydra! You headbutt the seven-headed hydra!
The seven-headed hydra barely misses you.
The seven-headed hydra bites you!
The seven-headed hydra closely misses you.
The seven-headed hydra bites you.
The seven-headed hydra bites you but does no damage.
The seven-headed hydra barely misses you.
The seven-headed hydra bites you.
You take 14 damage, and have 81/108 hp.
You slice one of the seven-headed hydra's heads off!
The six-headed hydra grows two more!
You hit the eight-headed hydra. You headbutt the eight-headed hydra.
You lop one of the eight-headed hydra's heads off!
The seven-headed hydra grows two more!
You hit the nine-headed hydra.
Your headbutt misses the nine-headed hydra.
The nine-headed hydra bites you.
The nine-headed hydra bites you but does no damage.
The nine-headed hydra barely misses you.
The nine-headed hydra closely misses you.
The nine-headed hydra bites you but does no damage. x2
The nine-headed hydra bites you! The nine-headed hydra misses you.
The nine-headed hydra bites you but does no damage.
You slice one of the nine-headed hydra's heads off!
The eight-headed hydra grows two more!
You hit the ten-headed hydra. You headbutt the ten-headed hydra.
The ten-headed hydra closely misses you.
The ten-headed hydra bites you.
The ten-headed hydra closely misses you.
The ten-headed hydra barely misses you. x2; The ten-headed hydra bites you.
The ten-headed hydra bites you but does no damage.
The ten-headed hydra closely misses you.
The ten-headed hydra bites you! The ten-headed hydra bites you.
You chop one of the ten-headed hydra's heads off!
The nine-headed hydra grows two more!
You hit the 11-headed hydra.
There is a sudden explosion of sparks!
Unknown command.
You take 22 damage, and have 59/108 hp.
MASSIVE DAMAGE!!
You slice one of the 11-headed hydra's heads off!
The ten-headed hydra grows two more!
You hit the 12-headed hydra.
Your headbutt misses the 12-headed hydra.
The 12-headed hydra bites you but does no damage. x5
The 12-headed hydra barely misses you. The 12-headed hydra bites you!
The 12-headed hydra completely misses you.
The 12-headed hydra barely misses you. The 12-headed hydra closely misses you.
The 12-headed hydra bites you! The 12-headed hydra bites you.
You take 20 damage, and have 39/108 hp.
You hack one of the 12-headed hydra's heads off!
The 11-headed hydra grows two more!
You slash the 13-headed hydra!
You slice one of the 13-headed hydra's heads off!
The 12-headed hydra grows two more!
You slash the 14-headed hydra!
The 14-headed hydra bites you but does no damage.
The 14-headed hydra barely misses you.
The 14-headed hydra bites you but does no damage.
The 14-headed hydra closely misses you.
The 14-headed hydra bites you but does no damage.
The 14-headed hydra closely misses you.
The 14-headed hydra bites you but does no damage. x3
The 14-headed hydra bites you!
* * * LOW HITPOINT WARNING * * *
The 14-headed hydra bites you.
* * * LOW HITPOINT WARNING * * *
The 14-headed hydra barely misses you.
The 14-headed hydra bites you but does no damage. x2
You take 13 damage, and have 27/108 hp.
You chop one of the 14-headed hydra's heads off!
The 13-headed hydra grows two more!
You slash the 15-headed hydra! The 15-headed hydra bites you.
* * * LOW HITPOINT WARNING * * *
The 15-headed hydra barely misses you.
The 15-headed hydra bites you but does no damage.
The 15-headed hydra barely misses you.
The 15-headed hydra bites you but does no damage. x3
The 15-headed hydra barely misses you. x2
The 15-headed hydra closely misses you. The 15-headed hydra barely misses you.
The 15-headed hydra bites you but does no damage.
The 15-headed hydra bites you!
* * * LOW HITPOINT WARNING * * *
The 15-headed hydra bites you.
* * * LOW HITPOINT WARNING * * *
The 15-headed hydra bites you!
* * * LOW HITPOINT WARNING * * *
You slice one of the 15-headed hydra's heads off!
The 14-headed hydra grows two more!
You hit the 16-headed hydra.
You take 24 damage, and have 3/108 hp.
MASSIVE DAMAGE!!
You chop one of the 16-headed hydra's heads off!
The 15-headed hydra grows two more!
You hit the 17-headed hydra.
There is a sudden explosion of sparks!
You headbutt the 17-headed hydra. The 17-headed hydra misses you.
The 17-headed hydra bites you but does no damage.
The 17-headed hydra completely misses you.
The 17-headed hydra bites you but does no damage.
The 17-headed hydra closely misses you. The 17-headed hydra barely misses you.
The 17-headed hydra bites you.
* * * LOW HITPOINT WARNING * * *
The 17-headed hydra bites you but does no damage.
The 17-headed hydra bites you!
You die...

.............#.###..#
......................#
#.........)....####P..#
#..............# ##..#
#..............# #..#
#..............## #..#
#...............# #..#
#..............## #..#
#.....D@.......# ##..#
....#########..####...##
# #######...........
..................
..................#
...........###....#
..........## #....# ....
##..............####....#
.....
#........................


You could see a 17-headed hydra.

Vanquished Creatures
  Erica (D:8)
  A hydra (Lair:1)
  The ghost of bande the Cleaver, a novice MiFi (D:7)
  2 hill giants (D:10)
  The ghost of baldghoti the Spear-Bearer, a novice MiBe of Trog (D:6)
  Pikel (D:4)
  4 centaur zombies
  5 spiny frogs (Lair:1)
  2 komodo dragons
  3 two-headed ogres (D:10)
  Prince Ribbit (D:6)
  4 hippogriffs
  A spriggan (D:7)
  Sigmund (D:4)
  6 yaks (D:11)
  Eustachio (D:4)
  2 hungry ghosts
  2 mottled dragons
  4 porcupines (Lair:1)
  4 water moccasins
  2 ice beasts (D:7)
  2 phantoms
  10 orc warriors
  3 sky beasts
  An eye of draining (D:10)
  A black bear (D:11)
  4 centaurs
  3 ogres
  4 crocodiles
  6 bullfrogs
  4 big kobolds
  Blork the orc (D:4)
  A wyvern skeleton (D:11)
  3 scorpions
  5 wights (D:8)
  A howler monkey (D:6)
  5 crimson imps
  A quasit (D:7)
  6 hounds
  7 orc priests
  4 jellies
  A centaur skeleton (D:11)
  6 orc wizards
  Ijyb (D:2)
  4 iguanas
  11 worker ants
  A big kobold zombie (Ossuary)
  8 mummies (Ossuary)
  A worker ant zombie (D:5)
  Robin (D:3)
  6 gnolls
  9 adders
  5 shadow imps
  An ooze (D:4)
  An adder skeleton (D:4)
  2 adder zombies
  2 worms (D:3)
  A dart slug (D:1)
  9 leopard geckos
  46 orcs
  5 bats
  4 giant cockroaches
  2 gnoll zombies (Ossuary)
  13 goblins
  10 hobgoblins
  11 jackals
  5 quokkas
  A ball python (D:3)
  6 frilled lizards
  A goblin zombie (D:4)
  37 kobolds
  4 kobold zombies (Ossuary)
  An orc zombie (Ossuary)
  7 rats
  A rat zombie (D:4)
345 creatures vanquished.

Vanquished Creatures (others)
  Crazy Yiuf (D:4)
1 creature vanquished.

Grand Total: 346 creatures vanquished

Notes
Turn   | Place    | Note
-------+----------+-------------------------------------------
     0 | D:1      | Firecrotchwizard the Minotaur Berserker began the quest for the Orb.
     0 | D:1      | Reached XP level 1. HP: 19/19 MP: 0/0
   269 | D:1      | Reached XP level 2. HP: 9/27 MP: 1/1
   669 | D:1      | Reached skill level 4 in Axes
   961 | D:1      | Reached skill level 3 in Armour
  1239 | D:2      | Reached XP level 3. HP: 33/33 MP: 2/2
  1253 | D:2      | Noticed Jessica
  1639 | D:2      | Noticed Ijyb
  1650 | D:2      | Reached skill level 3 in Dodging
  1653 | D:2      | Killed Ijyb
  1653 | D:2      | Reached skill level 4 in Fighting
  1653 | D:2      | Reached XP level 4. HP: 31/40 MP: 3/3
  1656 | D:2      | Reached ** piety under Trog
  1756 | D:2      | Found a faded altar of an unknown god.
  2186 | D:3      | Reached skill level 5 in Axes
  2353 | D:3      | Found a white marble altar of Elyvilon.
  2366 | D:3      | Found a deep blue altar of Sif Muna.
  2530 | D:3      | Noticed Robin
  2540 | D:3      | Killed Robin
  2540 | D:3      | Reached XP level 5. HP: 46/46 MP: 4/4
  2759 | D:4      | Noticed Sigmund
  2759 | D:4      | Noticed Eustachio
  2775 | D:4      | Killed Sigmund
  2775 | D:4      | Reached skill level 6 in Axes
  2775 | D:4      | Reached skill level 4 in Armour
  2775 | D:4      | Reached XP level 6. HP: 25/53 MP: 5/5
  2781 | D:4      | HP: 12/53 [iron imp[Eustachio] (6)]
  2794 | D:4      | HP: 7/53 [Eustachio/falchion (6)]
  2800 | D:4      | Killed Eustachio
  2800 | D:4      | Reached skill level 5 in Fighting
  2800 | D:4      | Reached skill level 4 in Dodging
  3178 | D:4      | Found a sand-covered staircase.
  3200 | Ossuary  | Entered an ossuary
  3210 | Ossuary  | Reached *** piety under Trog
  3227 | Ossuary  | Reached XP level 7. HP: 39/61 MP: 6/6
  3511 | Ossuary  | Reached skill level 7 in Axes
  3748 | D:4      | Found a staircase to the Ecumenical Temple.
  4134 | D:4      | Noticed Blork the orc
  4153 | D:4      | Killed Blork the orc
  4173 | D:4      | Found a runed door.
  4459 | D:4      | Noticed Crazy Yiuf
  4459 | D:4      | Noticed Pikel
  4475 | D:4      | Killed Pikel
  4475 | D:4      | Reached skill level 6 in Fighting
  4475 | D:4      | Reached skill level 8 in Axes
  4475 | D:4      | Reached skill level 5 in Armour
  4475 | D:4      | Reached skill level 5 in Dodging
  4475 | D:4      | Reached XP level 8. HP: 44/70 MP: 7/7
  4479 | D:4      | Killed Crazy Yiuf
  4651 | D:5      | Entered Level 5 of the Dungeon
  5733 | D:6      | Reached skill level 6 in Armour
  5799 | D:6      | Noticed baldghoti's ghost (novice MiBe)
  5830 | D:6      | Killed baldghoti's ghost
  5830 | D:6      | Reached skill level 7 in Fighting
  5830 | D:6      | Reached skill level 9 in Axes
  5830 | D:6      | Reached skill level 6 in Dodging
  6116 | D:6      | Noticed Prince Ribbit
  6184 | D:6      | Reached XP level 9. HP: 59/79 MP: 8/8
  6294 | D:6      | Reached skill level 7 in Armour
  6594 | D:6      | Killed Prince Ribbit
  6594 | D:6      | Reached **** piety under Trog
  6594 | D:6      | Reached skill level 10 in Axes
  7229 | D:7      | Noticed bande's ghost (novice MiFi)
  7290 | D:7      | Killed bande's ghost
  7290 | D:7      | Reached skill level 8 in Fighting
  7290 | D:7      | Reached skill level 11 in Axes
  7290 | D:7      | Reached skill level 7 in Dodging
  7297 | D:7      | Reached skill level 8 in Armour
  7846 | D:8      | Reached XP level 10. HP: 90/90 MP: 9/9
  7995 | D:8      | Noticed Erica
  8010 | D:8      | Killed Erica
  8189 | D:8      | Reached skill level 12 in Axes
  8235 | D:8      | Reached skill level 9 in Fighting
  8359 | D:8      | Reached skill level 1 in Evocations
  8655 | D:8      | Reached ***** piety under Trog
  8662 | D:8      | Reached skill level 9 in Armour
  8690 | D:8      | HP: 18/91 [orc warrior/hand axe of electrocution (13)]
  8724 | D:7      | HP: 17/91 [orc/flail (5)]
  9043 | D:8      | Reached skill level 2 in Evocations
  9225 | D:8      | Found a roughly hewn altar of Beogh.
  9842 | D:9      | Received a gift from Trog
 10049 | D:9      | Found a snail-covered altar of Cheibriados.
 10292 | D:10     | Entered Level 10 of the Dungeon
 10380 | D:10     | Reached skill level 3 in Evocations
 10380 | D:10     | Reached XP level 11. HP: 41/99 MP: 12/12
 10624 | D:10     | Reached skill level 13 in Axes
 10701 | D:10     | Found a staircase to the Lair.
 10800 | D:10     | Noticed a hill giant
 10804 | D:10     | Killed a hill giant
 10804 | D:10     | Reached skill level 10 in Fighting
 10893 | D:10     | Noticed a hill giant
 10902 | D:10     | HP: 12/99 [hill giant/giant club (28)]
 10904 | D:10     | Killed a hill giant
 11263 | D:10     | Found a shattered altar of Ashenzari.
 11280 | D:10     | Found a deep blue altar of Sif Muna.
 11691 | D:10     | Reached skill level 10 in Armour
 11818 | D:11     | Reached skill level 4 in Evocations
 12327 | D:11     | Reached skill level 8 in Dodging
 12329 | D:11     | Reached skill level 14 in Axes
 12462 | D:11     | Found a staircase to the Orcish Mines.
 12476 | D:11     | Found a roughly hewn altar of Beogh.
 12654 | Lair:1   | Entered Level 1 of the Lair of Beasts
 13419 | Lair:1   | Noticed a six-headed hydra
 13426 | Lair:1   | Killed an eight-headed hydra
 13426 | Lair:1   | Reached XP level 12. HP: 94/108 MP: 14/14
 13517 | Lair:1   | Noticed a four-headed hydra
 13532 | Lair:1   | HP: 27/108 [14-headed hydra (4)]
 13533 | Lair:1   | HP: 11/108 [15-headed hydra (3)]
 13533 | Lair:1   | HP: 3/108 [15-headed hydra (8)]
 13535 | Lair:1   | Mangled by a 17-headed hydra

Skill      XL: |  1  2  3  4  5  6  7  8  9 10 11 |
---------------+----------------------------------+-----
Axes           | 4 5 6 8 9 11 12 14 | 14.7
Armour         | 3 4 5 6 8 9 10 | 10.9
Dodging        | 3 4 5 6 7 8 |  8.8
Fighting       | 4 5 6 7 8 9 10 | 10.9
Evocations     | 3 4 |  4.0

Action                   |  1- 3 |  4- 6 |  7- 9 | 10-12 || total
-------------------------+-------+-------+-------+-------++-------
Melee: Hand axe          |    68 |   137 |   320 |   584 ||  1109
       Headbutt          |     9 |    21 |    92 |   154 ||   276
Invok: Burn Spellbooks   |       |     1 |       |       ||     1
       Trog's Hand       |       |     1 |     1 |     1 ||     3
       Berserk           |       |     1 |     1 |       ||     2
Evoke: Wand              |       |       |       |    17 ||    17
  Use: Scroll            |       |     8 |    10 |     7 ||    25
  Eat: Chunk             |     2 |     7 |     8 |    23 ||    40
       Beef jerky        |       |       |     1 |     1 ||     2
       Meat ration       |       |       |     1 |       ||     1
       Pizza             |       |       |     1 |     1 ||     2
Armor: Animal skin       |    13 |     2 |       |       ||    15
       Ring mail         |       |    30 |       |       ||    30
       Leather armour    |       |     8 |       |       ||     8
       Plate armour      |       |    15 |   131 |   227 ||   373
Dodge: Dodged            |    47 |    72 |   109 |   240 ||   468

Vault maps used:
D:1:      lightli_arrival_lavapool
D:2:      ecumenical_altar_1, uniq_iyjb, uniq_jessica
D:3:      grunt_temple_overflow_open, uniq_robin
D:4:      minmay_temple_entry_mist, first_bread, enter_ossuary_4,
          uniq_crazy_yiuf_cottage, uniq_pikel, uniq_sigmund, uniq_eustachio,
          uniq_blork_the_orc
D:6:      uniq_prince_ribbit1
D:7:      the_bakery
D:8:      kennysheep_kobold_camp, special_room, uniq_erica
D:9:      marbit_many_paths, serial_curves, eino_curves_04, eino_curves_02,
          lemuel_another_geyser
D:10:     erik_lair_dragon, basic_altar, led_sif_book
D:11:     minmay_orc_entry_temple_small
Lair:1:   minmay_holes, beast_lair_carwin_8, grunt_megastairs_1
Ossuary:  ossuary_tomb_3

Table legend:
 A = Turns spent in this place as a percentage of turns spent in the entire game.
 B = Non-inter-level travel turns spent in this place as a percentage of non-inter-level travel turns spent in the entire game.
 C = Inter-level travel turns spent in this place as a percentage of turns spent in this place.
 D = Turns resting spent in this place as a percentage of non-inter-level travel turns spent in this place.
 E = Turns spent auto-exploring this place as a percentage of non-inter-level travel turns spent in this place.
 F = Non-inter-level travel turns spent in this place divided by the number of levels of this place that you've seen.
                   A       B       C       D       E      F
               +-------+-------+-------+-------+-------+----------------------
         Total | 100.0 | 100.0 |   0.5 |   2.9 |  12.4 | 227.2
       Dungeon |  89.3 |  89.2 |   0.5 |   2.8 |  13.1 | 239.5
          Lair |   6.3 |   6.3 |   0.0 |   4.8 |   9.1 | 186.0
       Ossuary |   4.4 |   4.5 |   0.0 |   1.5 |   3.8 | 132.0
               +-------+-------+-------+-------+-------+----------------------

Table legend:
 A = Kills in this place as a percentage of kills in entire the game.
 B = Kills by you in this place as a percentage of kills by you in the entire game.
 C = Kills by friends in this place as a percentage of kills by friends in the entire game.
 D = Other kills in this place as a percentage of other kills in the entire game.
 E = Experience gained in this place as a percentage of experience gained in the entire game.
 F = Experience gained in this place divided by the number of levels of this place that you have seen.
                   A       B       C       D       E      F
               +-------+-------+-------+-------+-------+----------------------
         Total | 100.0 | 100.0 |  -nan |  -nan | 100.0 | 1761.2
       Dungeon |  90.1 |  90.1 |  -nan |  -nan |  78.0 | 1623.4
          Lair |   5.2 |   5.2 |  -nan |  -nan |  21.2 | 4858.0
       Ossuary |   4.6 |   4.6 |  -nan |  -nan |   0.8 | 180.0
               +-------+-------+-------+-------+-------+----------------------
